Cogmind - Beta 16 @@@ ROGUE MODE // 2026.01.02 @ 14:33:38 Player: winnking222 Result: Destroyed by WH-U0Y(R) with Subdweller Machine Gun Performance ------------- Evolutions (0) 0 Regions Visited (3) 600 Robots Destroyed (35) 175 Value Destroyed (752) 752 Prototype IDs (0) 0 Alien Tech Used (0) 0 Bonus (30) 30 TOTAL SCORE: 1557 Bonus ------- Follower Combat Kills 30 Cogmind --------- Core Integrity 0/250 Matter 256/300 Energy 100/100 System Corruption 0% Temperature Cool (0) Movement Treading (320) Ox2 Location -10/Subcaves Parts ------- > --- POWER (1) -------- Subdweller Power Source > --- PROPULSION (2) --- Light Treads Light Treads > --- UTILITY (2) ------ Huge Storage Unit Structural Scanner > --- WEAPON (2) ------- Autogun Subdweller Machine Gun > --- INVENTORY (25) --- Subdweller Power Source Wheel Subdweller Monowheel Subdweller Monowheel Subdweller Monowheel Flight Unit Flight Unit Flight Unit Flight Unit Large Storage Unit Seismic Detector Improved Light Armor Plating Scrap Shield Autogun Autogun Battle Cannon Rocket Launcher Peak State ------------ > --- POWER ------------ Subdweller Power Source > --- PROPULSION ------- Light Treads Light Treads > --- UTILITY ---------- Huge Storage Unit Improved Light Armor Plating > --- WEAPON ----------- Autogun Subdweller Machine Gun > --- INVENTORY -------- Wheel Subdweller Monowheel Subdweller Monowheel Subdweller Monowheel Flight Unit Flight Unit Flight Unit Flight Unit Large Storage Unit Structural Scanner Seismic Detector Scrap Shield Medium Laser Subdweller Laser Autogun Autogun Rocket Launcher [Rating: 14] Favorites ----------- Power Ion Engine Engine Ion Engine Propulsion Light Treads Treads Light Treads Utility Light Armor Plating Device Seismic Detector Storage Huge Storage Unit Protection Light Armor Plating Weapon Autogun Energy Gun Medium Laser Ballistic Gun Autogun Ballistic Cannon Light Cannon Build | -11 -10 -10 -10 ------- Run | Yrd Mat Min Sub Slots Evolved . | . . . . Power . | . . . . Propulsion . | . . . . Utility . | . . . . Weapon . | . . . . Parts Attached 29 | 7 9 3 10 Power 5 | 1 1 1 2 Engine 5 | 1 1 1 2 Core . | . . . . Reactor . | . . . . Propulsion 3 | 2 . 1 . Treads 3 | 2 . 1 . Leg . | . . . . Wheel . | . . . . Hover . | . . . . Flight . | . . . . Utility 10 | 2 4 1 3 Device 3 | 1 1 . 1 Storage 3 | 1 1 . 1 Processor . | . . . . Hackware . | . . . . Protection 4 | . 2 1 1 Artifact . | . . . . Weapon 11 | 2 4 . 5 Energy Gun 2 | . . . 2 Energy Cannon . | . . . . Ballistic Gun 8 | 2 3 . 3 Ballistic Cannon 1 | . 1 . . Launcher . | . . . . Special Weapon . | . . . . Impact Weapon . | . . . . Slashing Weapon . | . . . . Piercing Weapon . | . . . . Special Melee Weapon . | . . . . Unidentified Prototypes . | . . . . Parts Lost 6 | . 2 2 2 Power . | . . . . Propulsion 1 | . . 1 . Utility 3 | . 1 1 1 Weapon 2 | . 1 . 1 Highest Loss Streak 2 | . 2 2 1 To Critical Strikes 1 | . . . 1 Average Backups 15 | 5 12 14 17 Power . | . 1 . . Propulsion 6 | 3 3 5 7 Utility 3 | . 4 3 4 Weapon 4 | . 3 4 4 Tool/Special . | . . . . Unused Backups 22 | . 6 1 15 Power 1 | . . . 1 Propulsion 12 | . 3 . 9 Utility 1 | . . . 1 Weapon 8 | . 3 1 4 Tool/Special . | . . . . Average Slot Usage (%) 99 | . 99 99 99 Engine 14 | . 14 14 14 Treads 27 | . 28 27 28 Device 1 | . 3 . 1 Storage 14 | . 14 14 14 Protection 12 | . 10 14 12 Energy Gun 4 | . . . 8 Ballistic Gun 18 | . 21 14 19 Ballistic Cannon 4 | . 6 14 . Peak Build Rating 14 | 7 9 10 14 Average Rating 10 | 6 7 9 13 On Entrance 6 | . 7 9 10 Avg Prop Armor Cover (%) . | . . . . Naked Turns . | . . . . Heaviest Build 95 | 14 34 34 95 Greatest Support 40 | 40 40 40 40 Greatest Overweight (x) 2 | 1 . 1 2 Average Overweight (x) . | . . . 1 Largest Inventory Capacity 25 | 8 15 15 25 Average Capacity 19 | 7 14 15 24 Most Carried 20 | 7 15 15 20 Average Carried 15 | 6 12 14 18 Final Capacity 25 | 8 15 15 25 Final Carried 18 | 7 15 15 18 Class Distribution -------------------- 96% | Mutant 3% | Scavenger-Mutant Dominant Class ---------------- Mutant | -10/Materials Mutant | -10/Mines Mutant | -10/Subcaves Resources | -11 -10 -10 -10 ----------- Run | Yrd Mat Min Sub Matter Collected 1204 | 358 367 186 293 Remotely . | . . . . Salvage Created 991 | 194 431 153 213 Parts 79 | 20 34 12 13 Haulers Intercepted 2 | . 2 . . Recyclers Shooed . | . . . . Parts Field Recycled . | . . . . Retrieved Matter . | . . . . Parts Self-Destructed 2 | . . . 2 Prevented . | . . . . Parts Restored . | . . . . Kills | -11 -10 -10 -10 ------- Run | Yrd Mat Min Sub Combat Hostiles Destroyed 25 | . 12 7 6 Guns 20 | . 10 4 6 Cannons 5 | . 2 3 . Classes Destroyed 8 | 2 4 1 1 Tunneler 6 | 6 . . . Hauler 2 | . 2 . . Recycler 1 | 1 . . . Watcher 1 | . 1 . . Swarmer 11 | . 6 3 2 Grunt 8 | . 6 2 . Demolisher 2 | . . 2 . Subdweller 4 | . . . 4 Best Kill Streak 3 | 2 3 3 1 Combat Bots Only 3 | . 3 3 1 Max Kills in Single Turn 1 | 1 1 1 1 Gunslinging . | . . . . Exploded . | . . . . Melee . | . . . . Uniques/NPCs Destroyed . | . . . . Combat | -11 -10 -10 -10 -------- Run | Yrd Mat Min Sub Hostile Shots Fired 152 | . 77 34 41 Missed 35 | . 18 9 8 Hits 117 | . 59 25 33 Projectile 117 | . 59 25 33 AOE 6 | . . 6 . Critical Strikes 2 | . . . 2 Damage Taken 1556 | . 621 443 492 Core 255 | . 152 10 93 Absorbed by Shields . | . . . . Core Remaining (%) 100 | 100 . . . Volleys Fired 168 | 22 69 20 57 Largest 2 | 2 2 2 2 Hottest 73 | 40 50 53 73 Shots Fired 308 | 44 137 40 87 Gun 274 | 44 123 20 87 Cannon 34 | . 14 20 . Launcher . | . . . . Special . | . . . . Kinetic 283 | 44 137 40 62 Thermal 25 | . . . 25 Explosive . | . . . . Electromagnetic . | . . . . Robot Hit Streak 16 | 6 11 15 16 Robot Miss Streak 5 | 3 5 5 3 Penetration Max . | . . . . Secondary Targets 1 | . 1 . . Max Gunslinging Chain 1 | . 1 . . Shots Hit Robots 166 | 27 83 23 33 Core Hits 62 | 12 29 11 10 Critical Kills . | . . . . Critical Parts Destroyed . | . . . . Critical Strikes . | . . . . Melee Attacks . | . . . . Impact . | . . . . Slashing . | . . . . Piercing . | . . . . Sneak Attacks . | . . . . Combat Hostiles . | . . . . Follow-up Attacks . | . . . . Damage Inflicted 1985 | 283 882 376 444 Guns 1689 | 283 744 218 444 Cannons 296 | . 138 158 . Explosions . | . . . . Melee . | . . . . Ramming . | . . . . Kinetic 1936 | 283 882 376 395 Thermal 49 | . . . 49 Explosive . | . . . . Electromagnetic . | . . . . Impact . | . . . . Slashing . | . . . . Piercing . | . . . . Highest Corruption . | . . . . Average Corruption . | . . . . Corruption Purged . | . . . . Corruption Blocked . | . . . . Overload Shots . | . . . . Overflow Damage . | . . . . Projectiles . | . . . . Explosions . | . . . . Melee . | . . . . Knockbacks 6 | . 3 3 . Impact . | . . . . Kinetic 5 | . 2 3 . Secondary 1 | . 1 . . Self-Inflicted Damage . | . . . . Shots . | . . . . Rammed 1 | . . 1 . Targets Rammed 1 | . . 1 . Kicked . | . . . . Crushed . | . . . . Highest Temperature 66 | . 44 66 4 Average Temperature 16 | . 13 22 3 Received Heat Transfer 372 | . 231 75 66 Siege Activations . | . . . . Martial Activations . | . . . . Shielding Activations . | . . . . Robots Disrupted . | . . . . Combat Hostiles . | . . . . Robots Corrupted . | . . . . Combat Hostiles . | . . . . Parts Fried . | . . . . Impact Corruptions . | . . . . Robots Melted . | . . . . Combat Hostiles . | . . . . Parts Melted 1 | . . . 1 Heat Transferred 148 | . . . 148 Parts Sabotaged . | . . . . Parts Stolen . | . . . . Parts Stripped . | . . . . Power Chain Reactions . | . . . . Alert | -11 -10 -10 -10 ------- Run | Yrd Mat Min Sub Maximum Alert Level . | . . . . Low Security (%) 100 | 100 100 100 . Level 1 . | . . . . Level 2 . | . . . . Level 3 . | . . . . Level 4 . | . . . . Level 5 . | . . . . High Security . | . . . . Max Security . | . . . . Peak Influence 90 | 5 90 60 . Initial . | . . . . Average 17 | . 24 10 . Influence Increases 602 | 35 357 170 40 Destroy 0b10 Robot/C 420 | . 240 140 40 Destroy 0b10 Robot/NC 50 | 35 15 . . Destroy Leader 86 | . 56 30 . Successful Hack 15 | . 15 . . Disable Machine 15 | . 15 . . Destroy Structure 1 | . 1 . . Lose Combat Pursuer 15 | . 15 . . Influence Decreases 602 | 35 357 170 40 Time Decay 562 | 35 337 150 40 Lost Part 40 | . 20 20 . Squads Dispatched 2 | . 2 . . Investigation 1 | . 1 . . Extermination . | . . . . Reinforcement 1 | . 1 . . Assault . | . . . . Garrison . | . . . . Intercept . | . . . . Searches Triggered . | . . . . Construction Impeded . | . . . . Haulers Reinforced . | . . . . Active Scanning Responses . | . . . . Cargo Convoy Interrupts . | . . . . Stealth | -11 -10 -10 -10 --------- Run | Yrd Mat Min Sub Distress Signals . | . . . . Communications Jammed . | . . . . Distress Signals . | . . . . Times Spotted 41 | . 19 12 10 Peak Tracking Total 19 | . 4 19 2 Tactical Retreats 1 | . 1 . . Traps | -11 -10 -10 -10 ------- Run | Yrd Mat Min Sub Traps Triggered 1 | . 1 . . Indirectly . | . . . . Trap Hack Attempts . | . . . . Triggered . | . . . . Disarmed . | . . . . Reprogrammed . | . . . . Reused . | . . . . Traps Extracted . | . . . . Installed . | . . . . Triggered . | . . . . Machines | -11 -10 -10 -10 ---------- Run | Yrd Mat Min Sub Machines Disabled 1 | . 1 . . Max in Single Turn 1 | . 1 . . Machines Repaired . | . . . . Machines Dismantled . | . . . . Machines Sabotaged . | . . . . Overloaded Fab Kills . | . . . . Hacking | -11 -10 -10 -10 --------- Run | Yrd Mat Min Sub Machines Accessed 5 | . 5 . . Terminals 5 | . 5 . . Fabricators . | . . . . Repair Stations . | . . . . Recycling Units . | . . . . Scanalyzers . | . . . . Garrison Access . | . . . . Total Hacks 11 | . 11 . . Successful 8 | . 8 . . Failed 3 | . 3 . . Catastrophic . | . . . . Database Lockouts . | . . . . Manual 11 | . 11 . . Terminals 11 | . 11 . . Fabricators . | . . . . Repair Stations . | . . . . Recycling Units . | . . . . Scanalyzers . | . . . . Garrison Access . | . . . . Terminal Hacks . | . . . . Fabricator Hacks . | . . . . Repair Station Hacks . | . . . . Recycling Unit Hacks . | . . . . Scanalyzer . | . . . . Garrison Access Hacks . | . . . . Unauthorized Hacks 8 | . 8 . . Terminals 8 | . 8 . . Botnet 3 | . 3 . . Skim 5 | . 5 . . Fabricators . | . . . . Repair Stations . | . . . . Recycling Units . | . . . . Scanalyzers . | . . . . Garrison Access . | . . . . Data Cores Recovered . | . . . . Used . | . . . . Hacking Detections 2 | . 2 . . Full Trace Events . | . . . . Feedback Events . | . . . . Feedback Blocked . | . . . . Robot Schematics Acquired . | . . . . Robots Built . | . . . . Authchips . | . . . . Time . | . . . . Total Robot Build Rating . | . . . . Part Schematics Acquired . | . . . . Parts Built . | . . . . Authchips . | . . . . Time . | . . . . Total Part Build Rating . | . . . . Part Studies Acquired . | . . . . Parts Repaired . | . . . . Time . | . . . . Parts Recycled . | . . . . Recycled Matter . | . . . . Retrieved Matter . | . . . . Retrieved Components . | . . . . Parts Scanalyzed . | . . . . Part Schematics Acquired . | . . . . Parts Damaged . | . . . . Bothacking | -11 -10 -10 -10 ------------ Run | Yrd Mat Min Sub Used RIF Installer . | . . . . Robots Hacked . | . . . . Non-combat . | . . . . Combat . | . . . . Robot Hacks Applied . | . . . . Relay Couplers Released . | . . . . Fabnet Peak Effective % . | . . . . Robots Rewired . | . . . . Allies Hacked . | . . . . Hacks Repelled . | . . . . Allies | -11 -10 -10 -10 -------- Run | Yrd Mat Min Sub Total Allies 3 | . . 3 . Largest Group 3 | . . 3 3 Highest-Rated Group 40 | . . 40 40 Highest-Rated Ally 16 | . . 16 16 Total Orders . | . . . . Ally Attacks 14 | . . . 14 Total Damage 69 | . . . 69 Kills 1 | . . . 1 Allies Corrupted . | . . . . Allies Melted . | . . . . Intel | -11 -10 -10 -10 ------- Run | Yrd Mat Min Sub Active Infowar (turns) 637 | 125 324 . 188 Structural 182 | . . . 182 Seismic 455 | 125 324 . 6 Robot Analysis Total . | . . . . Derelict Logs Recovered 1 | . . 1 . Drone Launches . | . . . . Drone Recoveries . | . . . . Exploration | -11 -10 -10 -10 ------------- Run | Yrd Mat Min Sub Turns Passed 5013 | 315 1330 732 2636 Spaces Moved 1995 | 158 665 393 779 Core 17 | 17 . . . Treads 1978 | 141 665 393 779 Legs . | . . . . Wheels . | . . . . Hover . | . . . . Flight . | . . . . Fastest Speed 50 | 50 160 160 160 Average Speed 216 | 148 160 162 305 Slowest Speed 320 | 160 160 240 320 Overloaded Moves . | . . . . Propulsion Burnouts . | . . . . Robots Hopped . | . . . . Potential Cave-ins . | . . . . Cave-ins Triggered . | . . . . Exploration Rate (%) 59 | 7 85 96 51 Regions Visited 3 Branch Regions 2 Pre-discovered Areas 2 | . 1 1 . Known Exits Taken 2 | . 1 1 . Unknown Exits Taken 1 | 1 . . . Scrap Searched 3 | . . 3 . Spaces Dug . | . . . . Terrain Destroyed . | . . . . Melee . | . . . . Projectile . | . . . . AOE . | . . . . Terrain Rammed . | . . . . Walls Destroyed . | . . . . Machines Disabled . | . . . . Actions | -11 -10 -10 -10 --------- Run | Yrd Mat Min Sub Total 2421 | 198 813 452 958 Wait 163 | . 41 30 92 Move 1992 | 157 664 392 779 Hop . | . . . . Pick Up 42 | 12 17 4 9 Fast Attach 2 | 2 . . . Attach 12 | 5 2 2 3 Detach . | . . . . Swap 19 | . 8 1 10 Drop 22 | . 12 2 8 Fire 168 | 22 69 20 57 Melee . | . . . . Ram . | . . . . Kick . | . . . . Crush 1 | . . 1 . Escape Stasis . | . . . . Rewire . | . . . . Trap . | . . . . Miscellaneous . | . . . . Route ------- -11/Scrapyard -10/Materials (discovered 5 exits: *Mat x3 / *Min / Sub) -10/Mines (discovered 3 exits: *Mat x2 / *Sub) -10/Subcaves (discovered 2 exits: [*Mat x2]) History --------- Turn | Location | Event 7 | -11/Scrapyard | Discovered new exit (range 14) 316 | -11/Scrapyard | Entered Materials 317 | -10/Materials | Build established: Mutant 742 | -10/Materials | Discovered new exit (range 4) 980 | -10/Materials | Discovered new exit (range 11) 1034 | -10/Materials | Core integrity fell below 50% 1364 | -10/Materials | Discovered new exit (range 15) 1426 | -10/Materials | Identified exit to Subcaves 1426 | -10/Materials | Identified exit to Materials 1461 | -10/Materials | Learned Storage garrison access intel 1484 | -10/Materials | Identified exit to Mines 1484 | -10/Materials | Learned location of 1 exit from Materials 1506 | -10/Materials | Learned 2 Materials zone layouts 1549 | -10/Materials | Learned 2 Storage zone layouts 1646 | -10/Materials | Entered Mines 1718 | -10/Mines | Assembled infested the area 1979 | -10/Mines | Learned location of Storage (-9) 2093 | -10/Mines | Learned Materials terminal intel 2250 | -10/Mines | Received a Rocket Launcher from a helpful Derelict 2315 | -10/Mines | Assisted by bots powering up and referring to "LRC-V3" 2365 | -10/Mines | Discovered exit to Subcaves (range 6) 2378 | -10/Mines | Entered Subcaves 2378 | -10/Subcaves | Accompanied by 3 allies 2379 | -10/Subcaves | Approached by a straggling Scientist 2570 | -10/Subcaves | Lost 4 allies 4418 | -10/Subcaves | Core integrity fell below 20% 4868 | -10/Subcaves | Shifting Twisted Machinery released Flamer 4872 | -10/Subcaves | Discovered new exit (range 11) 4873 | -10/Subcaves | Shifting Twisted Machinery released Battle Cannon 4992 | -10/Subcaves | Discovered new exit (range 15) 5014 | -10/Subcaves | Destroyed by WH-U0Y(R) with Subdweller Machine Gun Last Messages --------------- 03254_ Acquired 6 matter. 03503_ QV-DUU(R): "WEHOME!" 03508_ QV-DUU(R) destroyed. 03542_ Acquired 36 matter. 03565_ Acquired Sub. Machine Gun. 03572_ Acquired 9 matter. 03582_ Acquired Sub. Power Source. 03605_ Subatomizers dissect the Sub. Optics. 03723_ Sub. Power Source shoots sparks and powers down. 04426_ FQ-WT8(R) destroyed. 04438_ Acquired 28 matter. 04631_ Dropped Med. Laser. 04661_ 87-NF2(u) builds Twisted Machinery. 04856_ Sub. Laser shoots sparks and powers down. 04858_ Dropped Broken Sub. Laser. Flamer falls loose from the Twisted Machinery. 04872_ EXIT=FOUND Battle Cannon falls loose from the Twisted Machinery. 04911_ Acquired Battle Cannon. 04992_ EXIT=FOUND Map ----- +----------------------------------------------------+ | ?????????????????????????????????????????????????? | | ?????????????????????????????????????????????????? | | ?????????????????????????????????????????????????? | | ?????????????????????????????????????????????????? | | ?????????????????????????????????????????????????? | | ?????????????????????????????????????????????????? | | ?????????????????????????????????????????????????? | | ?????????????????????????????????????????????????? | | ????????????????????????????## ??????????????????? | | ??????????????????????????#### ??????????????????? | | ??????????????????????????### ??????????????????? | | ??????????????????????????#